 Dungeon Crawl Stone Soup version 0.30-a0-272-gf98c3da03f (webtiles) character file.

Game seed: 4567375886271486293

79 freelancePsychic the Chopper (level 4, 0/38 HPs)
             Began as a Hill Orc Reaver on Oct 16, 2022.
             Was an Initiate of Trog.
             Slain by an orc priest
             ... wielding a +0 mace
              (5 damage)
             ... on level 3 of the Dungeon.
             The game lasted 00:03:14 (2040 turns).

freelancePsychic the Chopper (Hill Orc Reaver)      Turns: 2040, Time: 00:03:15

Health: 0/38       AC:  6    Str: 16    XL:     4   Next: 37%
Magic:  6/6        EV:  9    Int: 13    God:    Trog [......]
Gold:   129        SH:  0    Dex:  9    Spells: 5/6 levels left

rFire   . . .      SeeInvis .    a - +0 hand axe (elec)
rCold   . . .      Faith    .    (no shield)
rNeg    . . .      Spirit   .    j - +0 scale mail
rPois   .          Reflect  .    (no helmet)
rElec   .          Harm     .    (no cloak)
rCorr   .          Rampage  .    (no gloves)
Will    .....                    (no boots)
Stlth   ..........               (no amulet)
HPRegen 0.26/turn                (no ring)
MPRegen 0.10/turn                (no ring)

@: no status effects
A: no striking features
a: Renounce Religion, Convert to Beogh


You were on level 3 of the Dungeon.
You worshipped Trog.
Trog was noncommittal.
You visited 1 branch of the dungeon, and saw 3 of its levels.

You collected 129 gold pieces.

Inventory:

Hand Weapons
 a - a +0 hand axe of electrocution (weapon)
Armour
 b - a +0 leather armour
 j - a +0 scale mail (worn)
Wands
 l - a wand of iceblast (10)
Scrolls
 c - a scroll of fog {unknown}
 d - 2 scrolls of amnesia
 e - a scroll of immolation {unknown}
 h - a scroll of teleportation {unknown}
 m - 3 scrolls of identify {unknown}
 n - a scroll of silence {unknown}
 o - a scroll of poison
Potions
 f - a potion of mutation {unknown}
 g - a potion of cancellation
 i - a potion of haste {unknown}
 k - 2 potions of heal wounds {unknown}


   Skills:
 + Level 3.4 Fighting
 + Level 4.5 Axes
 + Level 0.7 Armour
 - Level 1.5 Dodging
 - Level 1.5 Spellcasting
 - Level 3.6 Conjurations
 - Level 1.7 Necromancy


You had 5 spell levels left.
You knew the following spells:

 Your Spells              Type           Power      Damage    Failure   Level
a - Kiss of Death         Conj/Necr      28%        2d7       34%         1

Your spell library contained the following spells:

 Spells                   Type           Power      Damage    Failure   Level
 Momentum Strike          Conj/Tloc      10%        3d8       58%         2
 Hailstorm                Conj/Ice       5%         3d4       82%         3


Dungeon Overview and Level Annotations

Branches:
Dungeon (3/15)

Altars:
Gozag
Trog

Shops:
D:2 [


Message History

You hit the goblin. Lightning courses through the goblin!
You kill the goblin!
Trog accepts your kill.
You hit the orc.
The orc is heavily wounded.
The orc priest looks encouraged for a moment.
The orc priest invokes the aid of Beogh against you.
Beogh smites you! The orc barely misses you.
Things that are here:
a +0 dagger; a +0 sling You hit the orc.
The orc is lightly wounded.
You hit the orc. Lightning courses through the orc!
You kill the orc!
Trog accepts your kill.
You closely miss the orc priest. The orc hits you but does no damage.
The orc priest hits you with a +0 mace.
You barely miss the orc priest. You hit the orc.
You kill the orc!
Trog accepts your kill.
The orc priest shouts, "Beogh is our master!
Accept the truth or die!"
The orc priest barely misses you.
You hit the orc priest.
The orc priest is lightly wounded.
The orc priest closely misses you.
You hit the orc priest.
The orc priest is heavily wounded.
The orc priest hits you with a +0 mace.
You hit the orc priest but do no damage.
The orc priest threatens, "By the altar or by the axe, you will meet Beogh!"
The orc priest is heavily wounded.
The orc priest calls down the wrath of Beogh upon you.
Beogh smites you!
* * * LOW HITPOINT WARNING * * *
You slash the orc priest!
The orc priest shouts, "Beogh is our master!
Accept the truth or die!"
You punch the orc priest, but do no damage.
The orc priest is almost dead.
The orc priest hits you with a +0 mace.
You die...

#......# ....... ### #......#
.......### #.###......#
.o.......# ###...†.....<#
......... #...##.......#
..).o.... #######.......#
........###.##.##..........####
......o..g.##.).##............#
.......o######@####†........##.
.......og..###o)##..........##.
........ol......#..............
.#####..............#.......#.#
. ##...............###...#.#
..####..........######.....#.#
................# #.#.#.#.#
.)..............######.#.#...#
###.)........................#


You could see an orc priest.

Vanquished Creatures
  An adder (D:2)
  3 worms (D:2)
  4 orcs (D:3)
  3 endoplasms
  6 giant cockroaches
  6 goblins
  A hobgoblin (D:1)
  A jackal (D:1)
  4 kobolds (D:1)
  4 quokkas
  5 ball pythons
  5 bats
  3 frilled lizards
  6 rats
52 creatures vanquished.

Notes
Turn   | Place    | Note
-------+----------+-------------------------------------------
     0 | D:1      | freelancePsychic the Hill Orc Reaver began the quest for
                  | the Orb.
     0 | D:1      | Reached XP level 1. HP: 18/18 MP: 3/3
   127 | D:1      | Reached XP level 2. HP: 17/25 MP: 4/4
   278 | D:1      | Reached skill level 1 in Necromancy
   435 | D:1      | Reached XP level 3. HP: 29/31 MP: 5/5
  1396 | D:2      | Found Uffuwudd's Armour Shoppe.
  1623 | D:2      | Reached XP level 4. HP: 36/38 MP: 6/6
  1880 | D:3      | Found an opulent altar of Gozag.
  1882 | D:3      | Found a bloodstained altar of Trog.
  1892 | D:3      | Became a worshipper of Trog the Wrathful
  2040 | D:3      | Slain by an orc priest

Illustrated notes

Levels and vault maps discovered:
D:1:      dpeg_arrival_radiant, layout_basic, minmay_misc_feat_iff,
          minmay_three_crescents
D:2:      layout_loops_corners, serial_shops, nicolae_lakefront_shop,
          minivault_25
D:3:      layout_rooms, chequers_temple_overflow_statue_of_worship,
          nrook_loot_triangle, uniq_natasha

Skill      XL: |  1  2 |
---------------+-------+-----
Necromancy     | 1 |  1.7
Fighting       | 3 |  3.4
Axes           | |  4.5
Armour         | |  0.7
Dodging        | |  1.5
Spellcasting   | |  1.5
Conjurations   | |  3.6

Action                   |  1- 3 |  4- 6 || total
-------------------------+-------+-------++-------
Melee: Hand axe          |   139 |    34 ||   173
       Punch             |       |     1 ||     1
 Cast: Kiss of Death     |     1 |       ||     1
  Use: Scroll            |     5 |       ||     5
       Potion            |       |     1 ||     1
Armor: Leather armour    |    19 |       ||    19
       Scale mail        |    27 |    12 ||    39
Dodge: Dodged            |    68 |    17 ||    85

Table legend: (Time is in decaauts)
 A = Elapsed time spent in this place.
 B = Non-inter-level travel time spent in this place.
 C = Inter-level travel time spent in this place.
 D = Time resting spent in this place.
 E = Time spent auto-exploring this place.
 F = Levels seen in this place.
 G = Mean time per level.
                   A        B        C        D        E       F      G
               +--------+--------+--------+--------+--------+-----+--------+
         Total |   2055 |   1954 |    101 |    100 |   1478 |   3 |  685.0 |
       Dungeon |   2055 |   1954 |    101 |    100 |   1478 |   3 |  685.0 |
               +--------+--------+--------+--------+--------+-----+--------+

Top non-repeatable levels by time:
     D:2: 956 daAuts
     D:1: 922 daAuts
     D:3: 176 daAuts
